 Dungeon Crawl Stone Soup version 0.29.1-15-g9cfb28693d (webtiles) character file.

Game seed: 8255164822024466869

200 protoss039 the Digger (level 5, -4/39 HPs)
             Began as a Demonspawn Earth Elementalist on Mar 12, 2023.
             Slain by a hound (5 damage)
             ... on level 3 of the Dungeon.
             The game lasted 00:03:56 (2463 turns).

protoss039 the Digger (DsEE)                        Turns: 2463, Time: 00:03:57

Health: -4/39      AC:  4    Str:  9    XL:     5   Next: 49%
Magic:  9/9        EV: 11    Int: 18    God:
Gold:   94         SH:  6    Dex: 13    Spells: 4/10 levels left

rFire   . . .      SeeInvis .   e - +10 mace of Responsibility {vorpal, *Slow rPois rN+++}
rCold   . . .      Faith    .   (no shield)
rNeg    + + +      Spirit   .   m - +0 leather armour
rPois   +          Reflect  .   (no helmet)
rElec   .          Harm     .   (no cloak)
rCorr   .          Rampage  .   g - +0 pair of gloves
Will    .....                   (no boots)
Stlth   ++........              (no amulet)
HPRegen 0.13/turn               (no ring)
MPRegen 0.11/turn               (no ring)

@: no status effects
A: large bone plates 2, powered by death 1
a: no special abilities


You were on level 3 of the Dungeon.
You visited 1 branch of the dungeon, and saw 3 of its levels.

You collected 157 gold pieces.
You spent 63 gold pieces at shops.

Inventory:

Hand Weapons
 e - the +10 mace of Responsibility (weapon) {vorpal, *Slow rPois rN+++}
   (You found it on level 2 of the Dungeon)

   It inflicts extra damage upon your enemies.
   rPois:     It protects you from poison.
   rN:        It renders you almost immune to negative energy.
   *Slow:     It may slow you when you take damage.
Armour
 g - a +0 pair of gloves (worn)
 m - a +0 leather armour (worn)
Jewellery
 q - a ring of wizardry
Scrolls
 h - 2 scrolls of identify {unknown}
 i - a scroll of immolation {unknown}
 j - a scroll of poison {unknown}
 n - a scroll of fear {unknown}
 p - a scroll of enchant armour {unknown}
 r - a scroll of teleportation {unknown}
Potions
 a - a potion of invisibility {unknown}
 b - a potion of magic
 c - a potion of flight {unknown}
 d - a potion of heal wounds {unknown}
 f - a potion of attraction {unknown}
 k - 2 potions of mutation {unknown}
 l - a potion of lignification {unknown}
 o - 2 potions of curing {unknown}
 s - a potion of cancellation {unknown}


   Skills:
 * Level 2.7 Fighting
 * Level 1.5 Armour
 - Level 1.7 Dodging
 - Level 1.7 Stealth
 + Level 3.1 Spellcasting
 + Level 1.0 Conjurations
 - Level 0.8 Transmutations
 + Level 3.6 Earth Magic


You had 4 spell levels left.
You knew the following spells:

 Your Spells              Type           Power      Damage    Failure   Level
a - Sandblast             Erth           30%        2d9       4%          1
b - Passwall              Tmut/Erth      8%         N/A       13%         2
c - Stone Arrow           Conj/Erth      22%        3d8       26%         3

Your spell library contained the following spells:

 Spells                   Type           Power      Damage    Failure   Level
 Petrify                  Tmut/Erth      10%        N/A       65%         4


Dungeon Overview and Level Annotations

Branches:
Dungeon (3/15) Zot: 15489

Altars:

Shops:
D:2 *   D:3 ((?


Innate Abilities, Weirdness & Mutations

You are mostly covered in large bone plates. (SH +6)
You regenerate a little health from kills.


Message History

Unknown command.
You closely miss the hound.
The hound is almost dead.
The hound barely misses you. The hound bites you.
The gnoll hits you with a +0 flail. The hound barely misses you.
The hound closely misses you. The gnoll hits you with a +0 flail!
* * * LOW HITPOINT WARNING * * *
Unknown command.
You are too injured to fight recklessly!
Unknown command.
Okay, then.
You hit the hound.
You kill the hound!
The hound bites you but does no damage. You block the hound's attack.
The gnoll barely misses you. The hound barely misses you.
Your Conjurations skill increases to level 1!
Unknown command.
Unknown command.
Okay, then.
You barely miss the gnoll. The hound bites you.
* * * LOW HITPOINT WARNING * * *
The gnoll hits you with a +0 flail.
* * * LOW HITPOINT WARNING * * *
The hound bites you but does no damage. The gnoll barely misses you.
Unknown command.
You hit the gnoll but do no damage. You block the hound's attack.
The gnoll hits you with a +0 flail.
* * * LOW HITPOINT WARNING * * *
You block the hound's attack.
Unknown command.
You thump the gnoll!
The gnoll is almost dead.
The hound bites you.
* * * LOW HITPOINT WARNING * * *
The gnoll closely misses you. The hound closely misses you.
Unknown command.
You hit the gnoll.
You kill the gnoll!
The hound bites you but does no damage. The hound bites you.
You die...

.....#......................#.#..
.....#........#...####......#....
.....#.########.. ##..........
....##.####### #######.........
....##.##....# .........####...
..>.##.##.##.# #####....#.###....
....##...∩...# +...#....#....)...
....##..#.#..# #h).#............#
....##.......# +@..#.....##.....#
....##.......###'###....#######..
######........^P.P......# #
#...............)..#
####.#.#..##.#.###....#
##........###...###....####
##.........##......)).......
#......|..........<....#..##
#...............#########.#


You could see a hound.

Vanquished Creatures
  A hound (D:3)
  8 gnolls
  5 adders
  A worm (D:2)
  A dart slug (D:3)
  3 endoplasms
  2 giant cockroaches (D:1)
  5 hobgoblins
  2 jackals (D:3)
  2 quokkas (D:1)
  7 ball pythons
  4 bats
  3 frilled lizards
  7 goblins
  7 kobolds
  5 rats
63 creatures vanquished.

Notes
Turn   | Place    | Note
-------+----------+-------------------------------------------
     0 | D:1      | protoss039 the Demonspawn Earth Elementalist began the
                  | quest for the Orb.
     0 | D:1      | Reached XP level 1. HP: 13/13 MP: 3/3
   269 | D:1      | Found a faded altar of an unknown god.
   349 | D:1      | Gained mutation: You are partially covered in large bone
                  | plates. (SH +4) [demonic ancestry]
   349 | D:1      | Reached XP level 2. HP: 20/20 MP: 3/5
   448 | D:1      | Reached skill level 1 in Fighting
  1339 | D:1      | Learned a level 2 spell: Passwall
  1347 | D:2      | Gained mutation: You regenerate a little health from kills.
                  | [demonic ancestry]
  1347 | D:2      | Reached XP level 3. HP: 18/26 MP: 2/6
  1568 | D:2      | Found Tukiewn's Assorted Antiques.
  1587 | D:2      | Bought a fuming cyan potion for 19 gold pieces
  1587 | D:2      | Bought a scroll labelled FOEMPY GOOVUJ for 22 gold pieces
  1587 | D:2      | Bought a scroll labelled XIECYM ZUINUVU for 22 gold pieces
  1603 | D:2      | Identified the +10 mace of Responsibility {vorpal, *Slow
                  | rPois rN+++}
  1929 | D:2      | Learned a level 3 spell: Stone Arrow
  1936 | D:3      | Reached XP level 4. HP: 33/33 MP: 5/8
  2150 | D:3      | Reached skill level 1 in Armour
  2170 | D:3      | Found Uxzeoxt's Antique Weapon Boutique.
  2175 | D:3      | Found Vukky's Magic Scroll Boutique.
  2206 | D:3      | Gained mutation: You are mostly covered in large bone
                  | plates. (SH +6) [demonic ancestry]
  2206 | D:3      | Reached XP level 5. HP: 36/39 MP: 4/9
  2362 | D:3      | Found Zytsalaa's Weapon Emporium.
  2460 | D:3      | Reached skill level 1 in Conjurations
  2462 | D:3      | HP: 1/39 [hound (2)]
  2463 | D:3      | Slain by a hound

Illustrated notes

Levels and vault maps discovered:
D:1:      dpeg_arrival_leaves_temple_mockup, layout_rooms,
          hellmonk_ecumenical_altar_zigzags, roderic_serpentine_path,
          minmay_statues_item, minmay_misc_feat_tiny
D:2:      layout_basic, serial_shops, nicolae_shop_trees
D:3:      layout_rooms, serial_shops, nicolae_shop_trees,
          nicolae_shop_advertising_works [nicolae_subvault_shop_adworks],
          nicolae_shop_crystal, shop_fountains, cheibrodos_gnoll_hut,
          uniq_terence, uniq_robin

Skill      XL: |  1  2  3  4  5 |
---------------+----------------+-----
Fighting       | 1 2 |  2.7
Earth Magic    | 3 |  3.6
Spellcasting   | 3 |  3.1
Armour         | 1 |  1.5
Conjurations   | 1 |  1.0
Dodging        | |  1.7
Stealth        | |  1.7
Transmutations | |  0.8

Action                   |  1- 3 |  4- 6 || total
-------------------------+-------+-------++-------
Melee: Unarmed           |     5 |       ||     5
       Spear             |    13 |       ||    13
       Mace              |    12 |    28 ||    40
 Cast: Sandblast         |    42 |    18 ||    60
  Use: Scroll            |     1 |       ||     1
 Stab: Sleeping          |     2 |     2 ||     4
Armor: Robe              |    13 |       ||    13
       Leather armour    |     3 |     9 ||    12
Dodge: Dodged            |    34 |    30 ||    64
Block: Other             |     9 |    16 ||    25
